 Dungeon Crawl Stone Soup version 0.31-a0-167-g1c394c0614 (webtiles) character file.

Game seed: 6836124172632648304

1010 qw the Skirmisher (level 8, -2/49 HPs)
             Began as a Gargoyle Hunter on June 14, 2023.
             Was an Initiate of Okawaru.
             Slain by a troll (5 damage)
             ... on level 6 of the Dungeon.
             The game lasted 00:02:02 (5158 turns).

qw the Skirmisher (Gargoyle Hunter)                 Turns: 5158, Time: 00:02:03

Health: -2/49      AC: 10    Str: 16    XL:     8   Next: 21%
Magic:  8/8        EV: 17    Int:  9    God:    Okawaru [......]
Gold:   280        SH:  5    Dex: 19    Spells: 7/7 levels left

rFire   . . .        Y - +2 shortbow
rCold   + . .        (shield currently unavailable)
rNeg    + . .        n - +0 leather armour {Will+}
rPois   inf          (no helmet)
rElec   +            f - +0 cloak
rCorr   .            (no gloves)
SInv    .            e - +0 pair of boots
Will    +....        g - amulet of reflection
Stlth   ++           l - ring of Gewnen {EV+5 Str+2}
HPRegen 0.28/turn    i - ring of protection from cold
MPRegen 0.11/turn

%: reflection
@: about to teleport
A: sickness immunity, AC +5, negative energy resistance 1, electricity
resistance, torment resistance 1, petrification resistance, agile 1, screaming
1, wild magic 1
a: Renounce Religion


You were on level 6 of the Dungeon.
You worshipped Okawaru.
Okawaru was noncommittal.
You visited 2 branches of the dungeon, and saw 7 of its levels.

You collected 280 gold pieces.


Innate Abilities, Weirdness & Mutations

You are immune to sickness and miasma.
Your stone body is resilient. (AC +5)
You are immune to poison.
You resist negative energy. (rN+)
You are resistant to electric shocks. (rElec)
You are resistant to unholy torment.
You are immune to petrification.
You are agile. (Dex +4, Str/Int -1)
You occasionally shout uncontrollably at your foes.
Your spells are a little harder to cast, but a little more powerful.


   Skills:
 - Level 5.0 Fighting
 + Level 8.8 Ranged Weapons
 - Level 1.0 Armour
 - Level 2.5 Dodging
 - Level 1.1 Stealth


You had 7 spell levels left.
You didn't know any spells.
Your spell library was empty.

Inventory:

Hand Weapons
 Y - a +2 shortbow (weapon)
Armour
 e - a +0 pair of boots (worn)
 f - a +0 cloak (worn)
 m - a +0 ring mail
 n - a +0 leather armour of willpower (worn)
Jewellery
 g - an amulet of reflection (around neck)
 i - a ring of protection from cold (right hand)
 k - a ring of ice
 l - the ring of Gewnen (left hand) {EV+5 Str+2}
   (You acquired it on level 3 of the Dungeon)

   [ring of evasion]

   EV:        It affects your evasion (+5).
   Str:       It affects your strength (+2).
 p - a +6 ring of strength
 q - a ring of wizardry
Scrolls
 b - 2 scrolls of identify
 h - 4 scrolls of teleportation
Potions
 a - 3 potions of resistance
 c - 2 potions of cancellation
 d - a potion of haste {unknown}
 j - a potion of curing
 o - a potion of degeneration {unknown}
 r - a potion of mutation

Dungeon Overview and Level Annotations

Branches:
Dungeon (6/15)             Temple (1/1) D:5

Altars:
Ashenzari
Fedhas
Gozag
Hepliaklqana
Kikubaaqudgha
Makhleb
Okawaru
Qazlal
Ru
Sif Muna
Trog
Uskayaw
Wu Jian
Xom
Yredelemnul
Zin
The Shining One

Shops:
D:6 =(


Message History

You shoot an arrow. The arrow barely misses the troll.
The arrow hits the iguana.
The iguana is lightly wounded.
The scorpion stings you but does no damage.
The iguana hisses menacingly.
The troll closely misses you. x2; The troll barely misses you.
You shoot an arrow. The arrow closely misses the troll.
The arrow closely misses the iguana.
The scorpion barely misses you.
You shoot an arrow.
The arrow hits the troll but does no damage.
The troll is lightly wounded.
The troll bites you but does no damage. The troll claws you.
The troll completely misses you. The scorpion misses you.
You shoot an arrow. The arrow barely misses the troll.
The arrow hits the iguana!
The iguana is heavily wounded.
A bullfrog comes into view.
The troll bites you! The troll claws you. The troll misses you.
The scorpion misses you.
5155 ||| READING 5 scrolls of teleportation.
As you read the scroll of teleportation, it crumbles to dust.
You feel strangely unstable. The troll bites you. The troll claws you.
The troll closely misses you. The scorpion closely misses you.
You shoot an arrow. The arrow hits the troll!
The troll is moderately wounded.
The scorpion stings you but does no damage.
The troll bites you but does no damage. The troll misses you. x2
You shoot an arrow.
The arrow hits the troll but does no damage.
The troll is moderately wounded.
The scorpion stings you but does no damage.
The troll misses you. You block the troll's attack. The troll misses you.
The iguana hisses menacingly.
You block the scorpion's attack.
You shoot an arrow. The arrow hits the troll.
The troll is moderately wounded.
The troll bites you.
You die...

#.......#######.## #..
#####.### #.# ... #.#
#.# .. #?# ##+## #. #.#
##...## . ..# ##.....##
###### #.. ##.......##
#...#.
.#..###.<.......###.#...
#..lT@........'.......
#.#..#s........##.PP..#
##..#.......###.¤~..#
.#.##.....## #.¤~.## #.
#. ##...## #....# . #(
##+## ###.## .. #.# .#
.#


You could see a troll, a scorpion and an iguana.

Vanquished Creatures
  A black bear (D:6)
  An ogre (D:6)
  A phantom (D:4)
  A gnoll sergeant (D:4)
  2 scorpions (D:5)
  A bullfrog (D:6)
  A howler monkey (D:5)
  3 hounds
  A gnoll bouda (D:4)
  An iguana (D:5)
  15 gnolls
  7 adders
  3 shadow imps (D:6)
  3 white imps
  An ufetubus (D:5)
  A worm (D:4)
  A dart slug (D:4)
  3 orcs
  7 ball pythons
  3 bats
  6 endoplasms
  3 giant cockroaches
  6 goblins
  3 hobgoblins
  6 jackals
  12 kobolds
  4 quokkas
  4 frilled lizards
  6 rats
107 creatures vanquished.

Notes
Turn   | Place    | Note
-------+----------+-------------------------------------------
     0 | D:1      | qw the Gargoyle Hunter began the quest for the Orb.
     0 | D:1      | Reached XP level 1. HP: 12/12 MP: 1/1
     0 | D:1      | 0 ||| qw: Version: 0.2-a-29-g1fa15c8
     0 | D:1      | 0 ||| qw: Game counter: 5052
     0 | D:1      | 0 ||| qw: Always use a shield: true
     0 | D:1      | 0 ||| qw: God list: Okawaru
     0 | D:1      | 0 ||| qw: Allow faded altars: false
     0 | D:1      | 0 ||| qw: Do Orc after D:15 true
     0 | D:1      | 0 ||| qw: Do second Lair branch before Depths: true
     0 | D:1      | 0 ||| qw: Lair rune preference: random
     0 | D:1      | 0 ||| qw: Plans: Normal, Zot:1-4, Slime:5, God:TSO, Crypt,
                  | Tomb, Abyss, Pan, Hells, Win
     0 | D:1      | 0 ||| PLANNING D:1-11
   147 | D:1      | Reached XP level 2. HP: 17/17 MP: 2/2
   479 | D:1      | Reached XP level 3. HP: 21/21 MP: 3/3
   711 | D:1      | 711 ||| UPGRADING to +0 pair of boots.
   716 | D:1      | 716 ||| UPGRADING to +0 cloak.
   721 | D:1      | 721 ||| UPGRADING to +0 ring mail.
   731 | D:1      | 731 ||| DROPPING +0 leather armour.
   732 | D:1      | 732 ||| UPGRADING to +0 leather armour of willpower.
   742 | D:1      | 742 ||| UPGRADING to amulet of regeneration.
   747 | D:1      | 747 ||| READING scroll labelled UGHUZO YDDOC.
   748 | D:1      | 748 ||| READING scroll labelled LOIREN SAUMPA.
   751 | D:1      | 751 ||| READING scroll labelled HEDAOS GONAE.
   752 | D:1      | 752 ||| DROPPING scroll of butterflies.
   766 | D:2      | Reached skill level 5 in Ranged Weapons
   934 | D:2      | Reached skill level 3 in Fighting
   936 | D:2      | Reached skill level 1 in Armour
   936 | D:2      | Reached XP level 4. HP: 28/28 MP: 4/4
   992 | D:2      | 992 ||| FLEEEEING.
   993 | D:2      | 993 ||| FLEEEEING.
   994 | D:2      | 994 ||| FLEEEEING.
  1176 | D:2      | Identified the +0 ice dragon scales of Wuybimau {rF- rC++
                  | rN++ rCorr Str+9 Dex-3}
  1206 | D:2      | 1206 ||| UPGRADING to amulet of reflection.
  1216 | D:2      | 1216 ||| DROPPING amulet of regeneration.
  1217 | D:2      | 1217 ||| READING scroll labelled OTEBAEL BUUQES.
  1218 | D:2      | 1218 ||| READING scroll labelled SOTETZ TAWIL.
  1219 | D:2      | 1219 ||| READING scroll labelled FEMIPH DUXONAE.
  1220 | D:2      | 1220 ||| DRINKING 3 smoky cyan potions.
  1221 | D:2      | 1221 ||| DRINKING 2 silvery potions.
  1632 | D:3      | Found a blossoming altar of Fedhas.
  1640 | D:3      | Identified the staff of fire "Xiajiuzuph" {rF+ Will+ rCorr
                  | MP+9}
  1767 | D:3      | 1767 ||| UPGRADING to ring of protection from cold.
  1768 | D:3      | 1768 ||| UPGRADING to +6 ring of strength.
  1769 | D:3      | 1769 ||| READING 2 scrolls labelled KOIPLY MEWNOS.
  1770 | D:3      | 1770 ||| READING scroll labelled MITHRU WYAQEUTO.
  1770 | D:3      | Identified a scroll of acquirement
  1770 | D:3      | 1770 ||| ACQUIRING ring of Gewnen {EV+5 Str+2}
  1770 | D:3      | Acquired the ring of Gewnen {EV+5 Str+2}
  1772 | D:3      | 1772 ||| UPGRADING to ring of Gewnen {EV+5 Str+2}.
  1774 | D:3      | 1774 ||| UPGRADING to ring of protection from cold.
  1776 | D:3      | 1776 ||| DROPPING scroll of vulnerability.
  1858 | D:4      | Noticed a phantom
  1867 | D:4      | Killed a phantom
  1868 | D:4      | Reached skill level 6 in Ranged Weapons
  1868 | D:4      | Reached XP level 5. HP: 32/32 MP: 5/5
  1903 | D:4      | 1903 ||| Stepping ~*~*~tactically~*~*~ (outnumbered).
  1905 | D:4      | 1905 ||| Stepping ~*~*~tactically~*~*~ (outnumbered).
  1907 | D:4      | 1907 ||| Stepping ~*~*~tactically~*~*~ (outnumbered).
  1934 | D:4      | Reached XP level 6. HP: 32/38 MP: 6/6
  1964 | D:4      | HP: 8/38 [gnoll/+0 spear (4)]
  1965 | D:4      | 1965 ||| READING 5 scrolls of teleportation.
  2242 | D:4      | Found a bloodstained altar of Trog.
  2417 | D:4      | Reached skill level 7 in Ranged Weapons
  2693 | D:4      | HP: 9/38 [gnoll sergeant/the +5 woodcutter's axe (4)]
  2694 | D:4      | 2694 ||| READING 4 scrolls of teleportation.
  3026 | D:4      | HP: 9/38 [gnoll sergeant/the +5 woodcutter's axe (4)]
  3027 | D:4      | 3027 ||| READING 3 scrolls of teleportation.
  3154 | D:4      | Reached XP level 7. HP: 43/43 MP: 7/7
  3228 | D:4      | 3228 ||| DROPPING amulet of guardian spirit.
  3229 | D:4      | 3229 ||| READING scroll labelled DUZIUH XUYLAIS.
  3230 | D:4      | 3230 ||| READING scroll labelled HYUMOO DAPN.
  3309 | D:5      | Entered Level 5 of the Dungeon
  3680 | D:5      | Found a staircase to the Ecumenical Temple.
  3681 | D:5      | 3681 ||| PLANNING TEMPLE
  3681 | D:5      | 3681 ||| DROPPING amulet of magic regeneration.
  3682 | D:5      | 3682 ||| DROPPING ring of flight.
  3683 | D:5      | 3683 ||| DRINKING 2 sedimented coppery potions.
  3684 | D:5      | 3684 ||| DRINKING 2 dark potions.
  3685 | D:5      | 3685 ||| DRINKING 2 viscous cyan potions.
  3685 | D:5      | Gained mutation: You occasionally shout uncontrollably at
                  | your foes. [potion of mutation]
  3685 | D:5      | Gained mutation: You are agile. (Dex +4, Str/Int -1)
                  | [potion of mutation]
  3685 | D:5      | Gained mutation: Your spells are a little harder to cast,
                  | but a little more powerful. [potion of mutation]
  3686 | D:5      | 3686 ||| DROPPING potion of brilliance.
  3695 | Temple   | Entered the Ecumenical Temple
  3696 | Temple   | 3696 ||| PLANNING OKAWARU WORSHIP
  3714 | Temple   | Became a worshipper of Warmaster Okawaru
  3715 | Temple   | 3715 ||| PLANNING D:1-11
  3833 | D:5      | Reached skill level 8 in Ranged Weapons
  3936 | D:5      | 3936 ||| READING scroll of enchant weapon.
  3936 | D:5      | 3936 ||| ENCHANTING +1 shortbow.
  4496 | D:6      | Found Vugiw's Jewellery Shop.
  4502 | D:6      | 4502 ||| SHOPLISTING +4 ring of protection (396 gold, have
                  | 234).
  4502 | D:6      | 4502 ||| SHOPLISTING ring of Losu {rF- rC+ AC+4 Str-4
                  | Int+7} (542 gold, have 234).
  4502 | D:6      | 4502 ||| SHOPLISTING ring of protection from fire (275
                  | gold, have 234).
  4645 | D:6      | 4645 ||| Stepping ~*~*~tactically~*~*~ (outnumbered).
  4646 | D:6      | 4646 ||| Stepping ~*~*~tactically~*~*~ (outnumbered).
  4647 | D:6      | 4647 ||| Stepping ~*~*~tactically~*~*~ (outnumbered).
  4761 | D:6      | Found Tiask's Weapon Shoppe.
  4867 | D:6      | Reached XP level 8. HP: 49/49 MP: 8/8
  5138 | D:6      | Noticed a troll
  5154 | D:6      | HP: 12/49 [troll (7)]
  5155 | D:6      | 5155 ||| READING 5 scrolls of teleportation.
  5155 | D:6      | HP: 2/49 [troll (5)]
  5158 | D:6      | Slain by a troll

Levels and vault maps discovered:
D:1:      shiori_arrival_maze, layout_basic
D:2:      layout_rooms
D:3:      layout_basic, fedhas_altar_1
D:4:      layout_basic, mainiacjoe_overflow_brackets,
          pf_guarded_unrand_woodcutter
D:5:      layout_layer_cave, minmay_temple_entry_antechambers
D:6:      layout_loops_corners, serial_demonic, serial_demonic_b,
          serial_demonic_b, serial_demonic_a, serial_demonic_g,
          serial_demonic_e, serial_shops, nicolae_diamond_shop,
          nicolae_shop_gaudy_bauble, nicolae_shop_advertising_works
          [nicolae_subvault_shop_adworks], minmay_misc_feat_rugged,
          minmay_manual_mail
Temple:   minmay_freezing_vapour_temple

Skill      XL: |  1  2  3  4  5  6  7 |
---------------+----------------------+-----
Ranged Weapons | 5 6 7 8 |  8.8
Fighting       | 3 4 5 |  5.0
Armour         | 1 |  1.0
Dodging        | 2 |  2.5
Stealth        | |  1.1

Action                     |  1- 3 |  4- 6 |  7- 9 || total
---------------------------+-------+-------+-------++-------
   Fire: Shortbow          |    99 |   240 |   147 ||   486
    Use: Scroll            |     3 |     8 |     4 ||    15
         Potion            |       |     2 |     3 ||     5
 Armour: Leather armour    |    13 |    29 |    30 ||    72
  Dodge: Dodged            |    30 |   106 |    83 ||   219
  Block: Other             |       |    49 |    22 ||    71

Table legend:
 A = Non-vault XP
 B = Vault XP
 C = Vault XP percentage of total XP
 D = Non-vault monster count
 E = Vault monster count
 F = Vault count percentage of total count
                 A         B        C        D         E       F
            +---------+---------+-------+---------+---------+-------
      Total |    1108 |     335 |  23.2 |      88 |      19 |  17.8
            +---------+---------+-------+---------+---------+-------
        D:1 |      34 |       4 |  10.5 |      21 |       2 |   8.7
        D:2 |      94 |       0 |   0.0 |      19 |       0 |   0.0
        D:3 |      18 |       0 |   0.0 |       9 |       0 |   0.0
        D:4 |     210 |     288 |  57.8 |      22 |      13 |  37.1
        D:5 |     380 |       0 |   0.0 |      12 |       0 |   0.0
        D:6 |     372 |      43 |  10.4 |       5 |       4 |  44.4
            +---------+---------+-------+---------+---------+-------
